 Dungeon Crawl Stone Soup version 0.28.0-49-g6dfe1f597d (webtiles) character file.

Game seed: 2658529279258559808

3826 Gabide the Spear-Bearer (level 10, 0/65 (70) HPs)
             Began as a Human Monk on May 13, 2022.
             Was a Believer of Sif Muna.
             Slain by a wight
             ... wielding a +1 short sword of freezing
              (2 damage)
             ... on level 8 of the Dungeon.
             The game lasted 00:26:21 (14473 turns).

Gabide the Spear-Bearer (Human Monk)               Turns: 14473, Time: 00:26:21

HP:   0/65 (70)     AC:  6    Str: 15    XL:     10   Next: 40%
MP:   10/10         EV: 12    Int: 12    God:    Sif Muna [**....]
Gold: 228           SH:  0    Dex: 22    Spells: 9/9 levels left

rFire   . . .      SeeInvis .   t - +0 halberd (flame)
rCold   . . .      Faith    .   (shield currently unavailable)
rNeg    . . .      Spirit   .   h - +0 ring mail
rPois   .          Reflect  .   p - +0 helmet
rElec   .          Harm     .   (no cloak)
rCorr   .          Rampage  .   (no gloves)
Will    .....                   (no boots)
Stlth   ++........              (no amulet)
HPRegen 0.20/turn               j - +1 ring of intelligence
MPRegen 0.12/turn               f - +6 ring of dexterity

@: drained
A: no striking features
a: Renounce Religion, Channel Magic


You were on level 8 of the Dungeon.
You worshipped Sif Muna.
Sif Muna was pleased with you.
You visited 2 branches of the dungeon, and saw 10 of its levels.

You collected 348 gold pieces.
You spent 120 gold pieces at shops.

Inventory:

Hand Weapons
 a - a +2 spear
 t - a +0 halberd of flaming (weapon)
Missiles
 b - 3 boomerangs
 y - 37 poisoned darts (quivered)
 C - a curare-tipped dart
Armour
 h - a +0 ring mail (worn)
 p - a +0 helmet (worn)
 s - a +2 robe of the Archmagi
Magical Staves
 n - a staff of death
Jewellery
 d - a ring of flight
 f - a +6 ring of dexterity (right hand)
 i - a ring of fire
 j - a +1 ring of intelligence (left hand)
Wands
 l - a wand of mindburst (10)
 B - a wand of flame (19)
Scrolls
 g - 2 scrolls of teleportation
 m - a scroll of immolation
 r - a scroll of holy word
Potions
 c - a potion of attraction
 e - 2 potions of brilliance
 k - 2 potions of magic
 o - 3 potions of degeneration
 q - a potion of mutation
 v - 3 potions of cancellation
 x - 2 potions of lignification
 z - a potion of heal wounds


   Skills:
 - Level 3.0 Fighting
 + Level 14.1 Polearms
 - Level 3.0 Armour
 - Level 3.0 Dodging
 - Level 2.0 Stealth


You had 9 spell levels left.
You didn't know any spells.
Your spell library contained the following spells:

 Spells                   Type           Power      Damage    Failure   Level
 Blink                    Tloc           0%         N/A       67%         2
 Corpse Rot               Necr/Air       0%         N/A       67%         2
 Ensorcelled Hibernation  Hex/Ice        0%         N/A       67%         2
 Passwall                 Tmut/Erth      0%         N/A       67%         2
 Lesser Beckoning         Tloc           0%         N/A       88%         3
 Spider Form              Tmut/Pois      0%         N/A       88%         3
 Swiftness                Air            0%         N/A       88%         3
 Tukima's Dance           Hex            0%         N/A       88%         3
 Anguish                  Hex/Necr       0%         N/A       99%         4
 Dispel Undead            Necr           0%         3d6       99%         4
 Passage of Golubria      Tloc           0%         N/A       99%         4
 Manifold Assault         Tloc           0%         N/A       100%        5
 Yara's Violent Unravell  Hex/Tmut       0%         3d3       100%        5
 Death Channel            Necr           0%         N/A       100%        6


Dungeon Overview and Level Annotations

Branches:
Dungeon (9/15)             Temple (1/1) D:5
   Lair: D:8-11         Orc: D:9-12

Altars:
Ashenzari
Cheibriados
Dithmenos
Elyvilon
Fedhas
Hepliaklqana
Kikubaaqudgha
Nemelex Xobeh
Okawaru
Qazlal
Ru
Sif Muna
Trog
Vehumet
Wu Jian
Xom
Yredelemnul
Zin
The Shining One

Shops:
D:3 !   D:6 =


Message History

No target in view!
No target in view!
No target in view!
No target in view!
No target in view!
No target in view!
No target in view!
No target in view!
No target in view!
No target in view!
No target in view!
Things that are here:
a +0 long sword; a +0 robe; a yak corpse
There is a stone staircase leading down here.
You start resting.
HP restored.
You climb downwards.
A black bear comes into view.
The yak gores you!
The wight hits you with a +5 short sword!
You feel drained. The yak gores you. The yak gores you!
There is a stone staircase leading up, spattered with blood here.
The wight hits you with a +1 short sword of freezing!
* * * LOW HITPOINT WARNING * * *
You feel drained.
* * * LOW HITPOINT WARNING * * *
The wight freezes you.
* * * LOW HITPOINT WARNING * * *
The yak gores you!
* * * LOW HITPOINT WARNING * * *
The wight hits you with a +5 short sword.
* * * LOW HITPOINT WARNING * * *
You feel drained. The yak misses you. The yak barely misses you.
You climb upwards.
There is a stone staircase leading down here.
As you read the scroll of fear, it crumbles to dust.
You assume a fearsome visage.
The wight is unaffected.
The yak looks frightened!
The wight is unaffected.
The yak looks frightened! x2
The wight hits you with a +1 short sword of freezing.
You die...

##.#.###########.###...##........
..[...............)....##.####...
.###.#########.#####...##.# #..#
..##.# #.....# ##......# ##..#
..##.#####.##### #..##.#.# #..##
#......##..# ###.##..#.# #.[#
####.#..#.#### ##..[#..##.# #..#
#.##......###Yz###.###.# #..#
#.##..###...Y@## #)# #.###..#
#.##.## ####Yz####.# #......#
#.#..# ##......# #......# #...##
#.#..######.##..#
####..##########...........##..#
................[......######..#
.###...########..####..# #...##
......## ###...# ##.#####.#..#
###.### #...### #....#..##..


You could see 3 yaks and 2 wights.

Vanquished Creatures
  A two-headed ogre (D:6)
  Pikel (D:5)
  A troll (D:8)
  A yak (D:8)
  A steam dragon (D:7)
  Duvessa (D:7)
  2 ice beasts (D:5)
  An ogre (D:6)
  A sky beast (D:7)
  2 necrophages
  A centaur (D:8)
  2 lemures
  3 kobold brigands (D:8)
  A gnoll sergeant (D:5)
  A bullfrog (D:7)
  A wyvern zombie (D:8)
  2 scorpions
  A water moccasin zombie (D:6)
  Dowan (D:7)
  A wight (D:8)
  A centaur zombie (D:8)
  A bullfrog zombie (D:5)
  4 hounds
  3 orc priests
  4 jellies
  2 bullfrog skeletons
  2 iguanas
  3 orc wizards
  Ijyb (D:5)
  Robin (D:3)
  A howler monkey zombie (D:5)
  12 adders
  5 gnolls (D:5)
  A white imp (D:6)
  A shadow imp (D:5)
  An ufetubus (D:3)
  An adder skeleton (D:4)
  3 dart slugs
  23 orcs
  5 ball pythons
  6 endoplasms
  4 giant cockroaches
  9 goblins
  4 hobgoblins
  3 quokkas
  10 bats
  A frilled lizard (D:1)
  21 kobolds
  7 rats
166 creatures vanquished.

Notes
Turn   | Place    | Note
-------+----------+-------------------------------------------
     0 | D:1      | Gabide the Human Monk began the quest for the Orb.
     0 | D:1      | Reached XP level 1. HP: 18/18 MP: 1/1
    57 | D:1      | Reached skill level 1 in Armour
   295 | D:1      | Reached XP level 2. HP: 24/24 MP: 2/2
  1307 | D:1      | Reached XP level 3. HP: 20/29 MP: 3/3
  1825 | D:1      | Reached XP level 4. HP: 16/35 MP: 4/4
  2407 | D:2      | Reached skill level 4 in Polearms
  2407 | D:2      | Reached XP level 5. HP: 41/41 MP: 5/5
  2495 | D:3      | Found Zebuijeu's Distillery.
  2498 | D:3      | Bought a potion of might for 56 gold pieces
  2498 | D:3      | Bought a potion of curing for 42 gold pieces
  2994 | D:3      | Noticed Robin
  3014 | D:3      | Killed Robin
  3389 | D:3      | Reached skill level 5 in Polearms
  3952 | D:3      | Reached XP level 6. HP: 43/47 MP: 6/6
  4786 | D:4      | Noticed a necrophage
  4801 | D:4      | Killed a necrophage
  4802 | D:4      | Reached skill level 6 in Polearms
  4932 | D:4      | Reached XP level 7. HP: 48/52 MP: 7/7
  5284 | D:5      | Entered Level 5 of the Dungeon
  5310 | D:5      | Reached skill level 7 in Polearms
  6374 | D:5      | Reached skill level 8 in Polearms
  6374 | D:5      | Reached XP level 8. HP: 30/58 MP: 8/8
  6924 | D:5      | Found a staircase to the Ecumenical Temple.
  6933 | Temple   | Entered the Ecumenical Temple
  6961 | Temple   | Became a worshipper of Sif Muna the Loreminder
  6961 | Temple   | Reached * piety under Sif Muna
  6961 | Temple   | Reached ** piety under Sif Muna
  7177 | D:5      | Noticed Pikel
  7791 | D:6      | Found Minaonyl's One-of-a-Kind Rings.
  7795 | D:6      | Bought a +1 ring of intelligence for 22 gold pieces
  8062 | D:6      | Reached skill level 9 in Polearms
  8189 | D:6      | Found a glowing silver altar of Zin.
  8602 | D:6      | Noticed a two-headed ogre
  8749 | D:5      | Noticed Ijyb
  9002 | D:5      | Killed Ijyb
  9124 | D:5      | Killed Pikel
  9125 | D:5      | Reached skill level 10 in Polearms
  9125 | D:5      | Reached XP level 9. HP: 6/63 MP: 9/9
 10072 | D:6      | Killed a two-headed ogre
 10073 | D:6      | Reached skill level 12 in Polearms
 10840 | D:7      | Noticed Dowan
 10843 | D:7      | Noticed Duvessa
 11275 | D:7      | Killed Dowan
 11287 | D:7      | HP: 3/63 [Duvessa/+0 short sword (9)]
 11634 | D:7      | Reached XP level 10. HP: 61/70 MP: 10/10
 12806 | D:7      | Killed Duvessa
 12807 | D:7      | Reached skill level 13 in Polearms
 13690 | D:8      | Found a large runed translucent door.
 13691 | D:8      | Found a large runed translucent door.
 14043 | D:8      | Found a bloodstained altar of Trog.
 14214 | D:8      | Found a glowing golden altar of the Shining One.
 14226 | D:8      | Reached *** piety under Sif Muna
 14227 | D:8      | Reached skill level 14 in Polearms
 14471 | D:9      | HP: 3/66 [yak (10)]
 14471 | D:9      | HP: 1/66 [wight/+5 short sword (2)]
 14473 | D:8      | Slain by a wight

Illustrated notes

Levels and vault maps discovered:
D:1:      dpeg_arrival_stonehenge_8_columns, layout_basic, roderic_lattice_a,
          minmay_tromino_v7
D:2:      cheibrodos_pilgrimage, layout_rooms, kennysheep_cross_room
D:3:      layout_basic, serial_shops, nicolae_shop_window_shopping, uniq_robin
D:4:      layout_cave_pools
D:5:      layout_layer_cave, minmay_temple_entry_grid, uniq_ijyb, uniq_pikel
D:6:      layout_basic, mainiacjoe_overflow_concentric_impassable,
          gup_sewer_entry_glass, interstate_on_off, nicolae_shop_unique_rings,
          grunt_decor_mini_mirrors
D:7:      layout_basic, uniq_duvessa
D:8:      layout_rooms, jmf_multi_god_temple2
D:9:      layout_long_grid, mainiacjoe_overflow_cross_hatched,
          lightli_temple_of_fire, due_lair_maze_entry_diamond, orc_0_dummy,
          serial_glass, glass_columns_b, glass_columns_a, glass_columns_a,
          glass_columns_a, glass_columns_b, minmay_statues_item,
          hangedman_decor_riveting
Temple:   nicolae_temple_elliptical

Skill      XL: |  1  2  3  4  5  6  7  8  9 10 |
---------------+-------------------------------+-----
Armour         | 1 2 3 |  3.0
Polearms       | 4 5 6 8 10 12 14 | 14.1
Fighting       | |  3.0
Dodging        | |  3.0
Stealth        | |  2.0

Action                   |  1- 3 |  4- 6 |  7- 9 | 10-12 || total
-------------------------+-------+-------+-------+-------++-------
Melee: Spear             |   124 |   223 |   313 |       ||   660
       Punch             |     1 |     3 |     7 |       ||    11
       Halberd           |       |       |    99 |   120 ||   219
Throw: Boomerang         |       |     2 |    27 |     5 ||    34
Evoke: Wand              |       |       |    19 |     2 ||    21
  Use: Scroll            |       |     7 |    12 |     5 ||    24
       Potion            |       |     6 |     5 |       ||    11
 Stab: Sleeping          |     5 |     1 |     2 |     1 ||     9
       Paralysed         |       |       |     6 |       ||     6
Armor: Ring mail         |    39 |    64 |    68 |    29 ||   200
       Robe              |     3 |       |       |       ||     3
       Scale mail        |     1 |       |       |       ||     1
Dodge: Dodged            |    98 |   102 |   134 |    69 ||   403
